AoeStats
← Rimflow

Arena

506420745Analyzed
4v4 RM · 20d ago on Sep 13, 2026· 84m 50s· 8 players
Game mode
Random Map
Map size
Large (8 player)
Population
200
Speed
Normal
Resources
Standard
Victory
Conquest
Starting age
Dark Age
Ending age
Imperial Age
RankedLock teamsTeams togetherTeam positionsShared explorationLock speedFull tech treeHidden civsTurbo modeCheats
Victory
Defeat
🇮🇳 Bohemians · India
545
+15
🇺🇸 Vietnamese · United States
543
+15
🇨🇭 Turks · Switzerland
512
+16
🇺🇸 Britons · United States
481
+18
🇭🇰 Britons · Hong Kong SAR China
560
-17
🇨🇴 Khmer · Colombia
526
-16
🇨🇴 Turks · Colombia
510
-16
🇦🇺 Slavs · Australia
499
-15
[PK]Dasaco
10:29 Feudal Age
10:59 Double-Bit Axe
10:56 Horse Collar
16:23 Wheelbarrow
21:34 Castle Age
20:33 Gold Mining
20:37 Stone Mining
22:27 Heavy Plow
23:35 Gold Shaft Mining
24:13 Hand Cart
29:34 Imperial Age
30:17 Ballistics
30:26 Ballistics
29:57 Heated Shot
35:54 Treadmill Crane
36:26 Masonry
37:52 Sipahi
37:36 Artillery
40:13 Parthian Tactics
42:33 Sipahi
41:40 Heavy Cavalry Archer
43:23 Thumb Ring
44:41 Padded Archer Armor
44:31 Fletching
45:50 Leather Archer Armor
47:22 Hoardings
46:08 Elite Janissary
47:51 Architecture
46:53 Heavy Camel Rider
49:20 Ring Archer Armor
48:45 Bodkin Arrow
50:49 Husbandry
51:00 Bloodlines
53:32 Bracer
53:40 Scale Barding Armor
53:47 Forging
57:07 Bombard Tower
61:50 Squires
61:35 Arson
72:43 Chain Barding Armor
72:59 Iron Casting
72:26 Scale Mail Armor
76:01 Caravan
jozlathan
0:30 Loom
16:26 Feudal Age
18:17 Wheelbarrow
17:43 Horse Collar
17:58 Double-Bit Axe
18:54 Stone Mining
19:59 Gold Mining
23:25 Castle Age
24:38 Bow Saw
24:30 Heavy Plow
25:18 Hand Cart
26:09 Stone Shaft Mining
29:36 Gold Shaft Mining
29:05 Town Watch
33:21 Imperial Age
31:16 Pikeman
32:00 Scale Mail Armor
33:12 Fortified Wall
33:11 Town Patrol
34:09 Forging
34:15 Chain Mail Armor
35:15 Crop Rotation
35:26 Iron Casting
38:31 Conscription
39:46 Blast Furnace
38:28 Sappers
40:13 Halberdier
44:11 Arson
45:35 Man-at-Arms
47:19 Tusk Swords
48:30 Double Crossbow
49:15 Long Swordsman
49:57 Elite Ballista Elephant
51:37 Fletching
51:52 Padded Archer Armor
51:22 Elite Ballista Elephant
52:38 Hoardings
54:33 Leather Archer Armor
60:39 Light Cavalry
71:07 Capped Ram
72:41 Scale Barding Armor
75:03 Two-Handed Swordsman
Queen
0:32 Loom
11:23 Feudal Age
13:07 Wheelbarrow
12:14 Horse Collar
12:23 Double-Bit Axe
16:51 Forging
16:32 Fletching
16:43 Scale Mail Armor
16:44 Padded Archer Armor
18:57 Gold Mining
19:01 Stone Mining
25:14 Castle Age
23:38 Scale Barding Armor
25:43 Pikeman
26:45 Hand Cart
26:43 Bow Saw
26:38 Heavy Plow
28:21 Gold Shaft Mining
27:55 Caravan
29:45 Husbandry
29:06 Light Cavalry
34:40 Yeomen
43:59 Imperial Age
43:41 Guard Tower
43:56 Siphons
43:42 Heated Shot
44:13 Ballistics
44:48 Cavalier
46:22 Elite Longbowman
48:23 Crossbowman
50:00 Warwolf
52:16 Halberdier
78:14 Arrowslits
79:05 Keep
Brown Sugar
11:29 Feudal Age
12:38 Loom
12:46 Double-Bit Axe
15:22 Castle Age
13:40 Horse Collar
20:29 Gold Mining
20:38 Stone Mining
24:01 Gold Shaft Mining
24:33 Heavy Plow
25:14 Bow Saw
27:30 Wheelbarrow
27:49 Town Watch
28:15 Forging
28:05 Scale Mail Armor
29:23 Hand Cart
32:51 Imperial Age
31:05 Caravan
31:36 Coinage
32:24 Town Patrol
33:54 Masonry
33:55 Fortified Wall
33:40 Murder Holes
34:06 Ballistics
33:51 Siege Engineers
33:37 Guard Tower
34:55 Chemistry
34:26 Crop Rotation
35:00 Two-Man Saw
36:31 Banking
37:11 Iron Casting
36:51 Chain Mail Armor
37:16 Pikeman
37:56 Squires
40:59 Blast Furnace
40:29 Plate Mail Armor
39:50 Fletching
39:33 Halberdier
42:52 Druzhina
42:53 Detinets
43:13 Conscription
43:29 Hoardings
42:26 Sappers
42:18 Elite Boyar
43:05 Scale Barding Armor
44:54 Bodkin Arrow
45:19 Chain Barding Armor
45:18 Padded Archer Armor
47:15 Plate Barding Armor
47:53 Leather Archer Armor
49:00 Husbandry
49:11 Bloodlines
51:24 Ring Archer Armor
68:31 Light Cavalry
75:11 Capped Ram
76:49 Siege Ram
78:29 Man-at-Arms
79:16 Long Swordsman
80:07 Two-Handed Swordsman
guitarflyingmatt
9:09 Loom
12:20 Feudal Age
14:05 Wheelbarrow
13:12 Horse Collar
15:19 Double-Bit Axe
21:37 Castle Age
20:35 Man-at-Arms
22:47 Hand Cart
23:13 Squires
22:35 Pikeman
22:37 Long Swordsman
23:24 Fletching
23:38 Padded Archer Armor
24:45 Bow Saw
25:46 Forging
26:08 Gold Mining
26:10 Stone Mining
27:20 Town Watch
28:03 Caravan
28:31 Scale Mail Armor
30:05 Fortified Wall
30:15 Ballistics
30:46 Heavy Plow
31:37 Gold Shaft Mining
32:30 Sanctity
32:22 Fervor
32:45 Fervor
32:38 Bodkin Arrow
33:05 Treadmill Crane
33:21 Murder Holes
38:02 Imperial Age
37:37 Iron Casting
37:57 Yeomen
38:30 Leather Archer Armor
38:36 Chain Mail Armor
38:30 Town Patrol
40:47 Conscription
41:03 Hoardings
39:49 Elite Longbowman
40:33 Warwolf
42:35 Two-Man Saw
41:24 Halberdier
41:29 Two-Handed Swordsman
44:09 Blast Furnace
43:12 Bracer
44:27 Plate Mail Armor
45:24 Champion
48:21 Sanctity
76:34 Ring Archer Armor
76:13 Scale Barding Armor
yendor2003
1:19 Loom
2:17 Loom
2:43 Loom
8:25 Feudal Age
9:46 Wheelbarrow
8:57 Town Watch
10:22 Double-Bit Axe
19:41 Castle Age
26:16 Bow Saw
30:41 Gold Mining
32:10 Hand Cart
32:57 Stone Mining
36:51 Imperial Age
35:07 Fletching
35:18 Padded Archer Armor
35:25 Scale Barding Armor
35:31 Forging
35:45 Bodkin Arrow
35:58 Town Patrol
36:09 Caravan
37:31 Squires
37:17 Arson
38:02 Chain Barding Armor
37:58 Leather Archer Armor
37:49 Chatras
38:09 Horse Collar
39:05 Guilds
39:38 Iron Casting
39:14 Bracer
39:26 Husbandry
39:37 Heavy Plow
40:43 Stone Shaft Mining
40:24 Bloodlines
39:55 Elite Rattan Archer
42:36 Crop Rotation
42:55 Plate Barding Armor
42:51 Ring Archer Armor
41:57 Pikeman
43:22 Scale Mail Armor
43:53 Paper Money
43:12 Elite Battle Elephant
44:36 Light Cavalry
46:43 Two-Man Saw
46:00 Chain Mail Armor
47:27 Elite Skirmisher
48:13 Thumb Ring
48:18 Cavalier
50:39 Imperial Skirmisher
52:30 Chemistry
52:02 Ballistics
51:54 Fortified Wall
52:55 Heavy Cavalry Archer
53:41 Crossbowman
56:36 Capped Ram
59:05 Hoardings
58:01 Sappers
68:35 Bombard Tower
68:21 Siege Engineers
68:03 Arrowslits
68:09 Guard Tower
83:12 Plate Mail Armor
GhostQuery72
9:28 Loom
13:44 Feudal Age
14:39 Horse Collar
14:47 Double-Bit Axe
21:42 Castle Age
22:32 Bow Saw
22:40 Bow Saw
23:39 Wheelbarrow
23:08 Heavy Plow
27:21 Hand Cart
30:35 Pikeman
31:15 Squires
31:01 Arson
31:32 Scale Mail Armor
36:58 Forging
37:04 Chain Mail Armor
37:59 Chemistry
39:34 Imperial Age
39:22 Iron Casting
40:03 Elite Hussite Wagon
41:32 Ballistics
41:09 Halberdier
42:25 Plate Mail Armor
42:55 Blast Furnace
42:22 Conscription
42:38 Wagenburg Tactics
43:20 Houfnice
51:48 Hussite Reforms
54:41 Houfnice
76:05 Fortified Wall
Rimflow
6:50 Loom
13:34 Feudal Age
14:01 Double-Bit Axe
14:00 Horse Collar
14:13 Gold Mining
19:23 Stone Mining
21:17 Wheelbarrow
23:19 Castle Age
22:38 Bloodlines
22:48 Forging
22:44 Scale Barding Armor
22:59 Padded Archer Armor
24:52 Heavy Plow
25:10 Bow Saw
25:55 Gold Shaft Mining
28:09 Hand Cart
29:42 Chain Barding Armor
31:13 Iron Casting
30:55 Leather Archer Armor
30:53 Husbandry
36:13 Imperial Age
38:01 Hoardings
36:49 Elite Janissary
37:54 Conscription
38:12 Ring Archer Armor
38:20 Plate Barding Armor
38:49 Blast Furnace
39:16 Two-Man Saw
38:58 Fortified Wall
39:02 Masonry
42:10 Architecture
44:45 Squires
49:47 Caravan
61:48 Heavy Camel Rider
69:52 Hoardings
83:52 Artillery
Connection lost

Rejoining the realm…

Still unreachable

The connection could not be restored.

Session expired

The server has moved on; the page needs a fresh start.